Map: Acropolis LE

Players

HateMe - Winner!

  • Race: Zerg Zerg
  • League: Master
  • Spawn Location: 11:00

HellraiseR

  • Race: Protoss Protoss
  • Spawn Location: 5:00

Event: HomeStory Cup XIX

VOD

Have the link to the VOD?

Description

Time

  • Played on: June 28, 2019, 12:42 p.m.
  • Length: 10:23

All games in this series

Show
View Real Time Build Order
Export as new Build Order

HateMe Zerg - Winner!

Build Orders: Hatch First 

Get SALT Encoding   

  12  0:00  Drone  
  13  0:12  Overlord  
  13  0:18  Drone  
  14  0:31  Drone x2  
  16  0:48  Hatchery  
  15  0:51  Drone  
  15  0:55  Drone  
  17  0:57  Drone  
  18  1:09  Extractor  
  17  1:13  Spawning Pool  
  17  1:16  Drone  
  17  1:21  Drone  
  18  1:28  Drone  
  19  1:39  Drone  
  20  1:51  Overlord  
  20  2:00  Queen x2  
  25  2:01  Zergling x4  
  26  2:12  Metabolic Boost  
  26  2:14  Drone x2  
  28  2:23  Drone  
  28  2:24  Drone  
  30  2:35  Hatchery  
  29  2:41  Queen  
  31  2:45  Overlord  
  31  2:48  Zergling x2  
  31  2:51  Zergling x2  
  33  2:53  Drone  
  33  2:57  Drone x2  
  36  3:05  Drone x2  
  38  3:12  Overlord  
  38  3:17  Drone  
  38  3:18  Drone  
  40  3:24  Drone x2  
  40  3:27  Drone  
  42  3:29  Drone  
  41  3:35  Spore Crawler  
  41  3:36  Spore Crawler  
  41  3:37  Drone  
  40  3:42  Drone  
  40  3:46  Queen x2  
  45  3:52  Queen  
  45  3:53  Overlord  
  47  3:57  Drone x2  
  47  3:58  Drone  
  47  4:00  Drone  
  47  4:02  Drone, Spore Crawler  
  51  4:05  Overlord  
  51  4:07  Drone  
  52  4:11  Overlord  
  52  4:13  Drone x2  
  52  4:17  Drone x2  
  55  4:19  Drone  
  57  4:26  Lair  
  57  4:28  Overlord  
  57  4:29  Drone x2  
  57  4:30  Drone  
  60  4:33  Drone x2  
  62  4:38  Queen  
  62  4:43  Drone x4  
  62  4:45  Drone x2  
  68  4:51  Roach Warren  
  68  4:58  Drone x5  
  73  5:03  Extractor  
  73  5:04  Extractor x2  
  73  5:05  Extractor  
  69  5:20  Overlord x3  
  69  5:27  Nydus Network  
  68  5:28  Drone  
  68  5:29  Drone x3  
  68  5:31  Glial Reconstitution  
  72  5:41  Roach x4  
  72  5:42  Zergling x20  
  90  5:49  Overseer  
  90  5:56  Overlord x3  
  90  5:57  Roach  
  90  5:58  Roach x2  
  96  6:09  Roach  
  96  6:10  Roach  
  97  6:17  Nydus Canal  
  86  6:18  Roach  
  86  6:19  Roach x9  
  96  6:27  Roach x2  
  96  6:31  Roach  
  96  6:32  Roach  
  99  6:40  Roach x7  
  113  6:47  Nydus Canal  
  113  6:51  Roach x2  
  115  6:57  Roach x3  
  115  6:59  Zergling x2  
  120  7:05  Nydus Canal  
  120  7:08  Drone  
  121  7:09  Overlord x2  
  121  7:10  Extractor  
  120  7:17  Overlord x2  
  120  7:21  Drone x6, Spire  
  121  7:30  Drone x5  
  108  7:57  Drone x3  
  108  7:58  Drone x4  
  113  8:05  Hatchery, Overlord x2  
  112  8:06  Zergling x4  
  114  8:13  Drone  
  114  8:16  Evolution Chamber  
  114  8:17  Zergling x4  
  116  8:32  Mutalisk x10  
  136  8:35  Zergling x4  
  138  8:42  Ravager x2  
  138  8:43  Roach x3  
  146  8:51  Roach  
  146  8:52  Roach x4  
  156  9:02  Roach x3  
  155  9:10  Roach x3  
  155  9:12  Zergling x2  
  160  9:18  Zergling x6  
  160  9:19  Zergling x6  
  134  9:31  Mutalisk x4  
  134  9:34  Drone x7  
  141  9:45  Queen  
  141  9:46  Queen  
  141  9:50  Roach x11  
  155  10:00  Roach x6  
Show
View Real Time Build Order
Export as new Build Order

HellraiseR Protoss 

Build Orders: 1 Gate Expand, Oracle Opening, Phoenix Opening, Chargelot Immortal 

Get SALT Encoding   

  12  0:01  Probe  
  13  0:13  Probe  
  14  0:21  Pylon  
  14  0:25  Probe  
  15  0:35  Probe  
  15  0:39  Gateway  
  16  0:43  Probe  
  16  0:49  Assimilator  
  17  0:55  Probe  
  18  1:07  Probe  
  19  1:21  Nexus  
  19  1:23  Probe  
  20  1:34  Cybernetics Core  
  20  1:36  Probe  
  21  1:42  Assimilator  
  21  1:48  Probe  
  21  1:52  Pylon  
  22  2:00  Adept  
  22  2:02  Probe  
  23  2:14  Probe  
  26  2:20  Adept  
  26  2:24  Stargate  
  26  2:26  Probe  
  26  2:29  Probe  
  27  2:37  Probe, Warp Gate  
  30  2:39  Probe  
  32  2:47  Probe  
  32  2:50  Stalker  
  32  2:51  Probe  
  36  2:59  Probe  
  36  3:03  Probe  
  36  3:04  Oracle  
  38  3:11  Probe  
  39  3:15  Probe  
  43  3:23  Probe  
  44  3:27  Probe, Pylon  
  44  3:32  Phoenix  
  43  3:35  Probe  
  43  3:39  Probe  
  45  3:43  Gateway  
  45  3:47  Probe  
  46  3:50  Pylon  
  46  3:51  Assimilator, Probe  
  46  3:52  Oracle  
  46  3:53  Assimilator  
  47  3:59  Probe  
  51  4:03  Probe  
  52  4:12  Probe  
  52  4:15  Probe, Gateway  
  52  4:16  Gateway  
  54  4:19  Twilight Council  
  54  4:24  Probe  
  55  4:26  Adept, Resonating Glaives  
  55  4:27  Probe  
  55  4:31  Oracle  
  62  4:39  Pylon  
  62  4:44  Nexus  
  62  4:45  Probe  
  62  4:52  Pylon  
  62  4:53  Pylon  
  62  4:58  Adept  
  62  4:59  Probe  
  65  5:01  Adept  
  65  5:03  Probe  
  68  5:09  Robotics Facility  
  68  5:12  Adept  
  70  5:14  Adept  
  70  5:18  Adept  
  70  5:19  Probe  
  70  5:20  Probe  
  76  5:24  Adept  
  78  5:31  Pylon  
  78  5:32  Forge  
  79  5:37  Adept x2  
  79  5:40  Adept  
  84  5:43  Probe x2  
  86  5:55  Probe x2  
  88  5:57  Probe  
  88  5:58  Charge  
  88  5:59  Observer  
  90  6:07  Probe x2  
  90  6:09  Probe  
  90  6:10  Immortal  
  84  6:20  Sentry x3  
  84  6:21  Probe  
  87  6:33  Stalker  
  87  6:38  Pylon  
  87  6:39  Immortal  
  85  6:43  Stalker x3  
  89  6:48  Gateway  
  89  6:49  Gateway  
  89  6:50  Gateway  
  93  6:57  Stalker  
  93  6:59  Protoss Ground Weapons Level 1  
  95  7:08  Gateway  
  95  7:10  Pylon  
  95  7:11  Pylon  
  95  7:12  Pylon  
  95  7:18  Immortal  
  95  7:24  Pylon  
  99  7:30  Stalker x4  
  102  7:44  Stalker x2  
  102  7:48  Warp Prism  
  105  8:03  Zealot x4  
  113  8:21  Nexus  
  113  8:22  Pylon  
  113  8:24  Templar Archives  
  113  8:34  Probe  
  114  8:49  Probe x2, Pylon  
  114  8:52  Zealot x5  
  126  8:55  Phoenix  
  126  9:02  Stargate  
  112  9:13  Immortal  
  112  9:17  Zealot x6  
  120  9:28  Phoenix  
  92  9:41  Phoenix  
  92  9:43  Zealot x6  
  96  9:53  Phoenix  
  97  10:05  Zealot x5  
  84  10:19  Zealot  
Tags
 
Add a new tag
Caveats
  • Supply blocks, unpowered buildings, or Contaminate may cause inaccurate times.
  • Supply counts are checked every 10 seconds.